 Dungeon Crawl Stone Soup version 0.13-a0-2942-g3a822f8 (webtiles) character file.

177716 JacquesDerrida the Crack Shot (level 16, -16/117 HPs)
             Began as a Demigod Hunter on Sept 3, 2013.
             Demolished by an orc knight
             ... wielding a +1,+1 orcish great mace
              (30 damage)
             ... on Level 1 of the Vaults on Sept 6, 2013.
             The game lasted 03:10:07 (43484 turns).

JacquesDerrida the Crack Shot (Demigod Hunter)     Turns: 43484, Time: 03:10:07

HP -16/117       AC 16     Str 18      XL: 16   Next: 92%
MP  33/33        EV 10     Int 28      God:
Gold 2404        SH  0     Dex 21      Spells:  3 memorised, 22 levels left

Res.Fire  : + . .   See Invis. : +   b - +2 longbow (frost)
Res.Cold  : + . .   Warding    : .   l - +0 ring mail {rC+}
Life Prot.: . . .   Conserve   : .   (no shield)
Res.Poison: .       Res.Corr.  : .   D - +2 wizard hat {Int+3}
Res.Elec. : .       Clarity    : +   B - +0 elf cloak {darkness}
Sust.Abil.: . .     Spirit.Shd : .   r - +1 pair of bracers {archer}
Res.Mut.  : .       Stasis     : .   s - +2 pair of dwarf boots
Res.Rott. : .       Flight     : .   K - amulet of clarity
Saprovore : . . .                    w - +0,+7 ring of slaying
                                     n - ring "Psyll" {rF+ Dex+3 SInv}

@: about to teleport, quite resistant to hostile enchantments, fairly stealthy
A: claws 1, hooves 1, Int +2
a: Evoke Invisibility


You were on level 1 of the Vaults.
You were hungry.

You visited 5 branches of the dungeon, and saw 33 of its levels.
You also visited: Labyrinth.

You collected 2807 gold pieces.
You spent 423 gold pieces at shops.

Inventory:

Hand weapons
 a - a +0,+0 longbow of flame
 b - a +2,+2 longbow of frost (weapon)
 j - the +12,+5 short sword "Widowmaker" {venom, rC+ rN+ SInv, unknown}
   (You found it on level 1 of the Vaults)

   It poisons the flesh of those it strikes.
   It protects you from cold.
   It protects you from negative energy.
   It enhances your eyesight.
 N - a +1,+3 dwarven dagger of speed
Missiles
 c - 236 arrows (quivered)
 y - 20 arrows of frost
 M - 12 arrows of dispersal
Armour
 l - a +0 ring mail of cold resistance (worn)
 r - a +1 pair of bracers of archery (worn)
 s - a +2 pair of dwarven boots (worn)
 B - a +0 elven cloak of darkness (worn)
 D - a +2 wizard hat of intelligence (worn)
Magical devices
 p - a wand of teleportation (3)
 v - a wand of flame (8)
 A - a wand of digging (12)
 C - a wand of heal wounds (9)
 E - a wand of disintegration (5)
 F - a wand of heal wounds (4)
Comestibles
 d - 5 bread rations
 P - a meat ration
Scrolls
 f - 6 scrolls of identify
 h - 9 scrolls of remove curse
 k - a scroll of holy word
 m - 4 scrolls of magic mapping
 t - a scroll of silence
 G - a scroll of enchant weapon I
 T - 2 scrolls of teleportation
Jewellery
 e - an uncursed amulet of stasis
 g - a +3 ring of protection
 i - an uncursed ring of invisibility
 n - the ring "Psyll" (left hand) {rF+ Dex+3 SInv}
   (You found it on level 17 of the Dungeon)

   [ring of protection from fire]

   It affects your dexterity (+3).
   It enhances your eyesight.
 o - an uncursed amulet of resist corrosion
 q - an uncursed ring of wizardry
 w - a +0,+7 ring of slaying (right hand)
 H - an uncursed ring of positive energy
 K - an amulet of clarity (around neck)
 W - an uncursed ring of protection from fire
 Z - an uncursed ring of protection from cold
Potions
 x - a potion of might
 z - 3 potions of curing
 R - 2 potions of restore abilities
Miscellaneous
 J - a lamp of fire (inert)


   Skills:
 - Level 4.0 Fighting
 - Level 21.0 Bows
 - Level 10.0 Armour
 - Level 1.7 Dodging
 - Level 0.8 Stealth
 - Level 8.0 Spellcasting
 + Level 12.1 Charms
 + Level 6.4 Air Magic


You had 22 spell levels left.
You knew the following spells:

 Your Spells              Type           Power        Failure   Level  Hunger
a - Flight                Chrm/Air       ######....   1%          3    None
b - Control Teleport      Chrm/Tloc      #####.....   4%          4    ##.....
c - Swiftness             Chrm/Air       ######....   1%          2    None


Dungeon Overview and Level Annotations

Branches:
Dungeon (20/27) Temple (0/1) D:4 D:7 Orc (4/4) D:11 Elf (2/3) Orc:4 Lair (6/8) D:11 Shoals (0/5) Lair:5 Spider (0/5) Lair:3 Vaults (1/5) D:20 Slime: Lair:6-8

Shops:
D:14 [   Orc:4 [*(*}!*   Elf:2 %

Portals:
Pandemonium: D:19
Trove: D:17 (give 4 scrolls of blinking)

Annotations:
Orc:4 Maud
Elf:1 Nikola


Innate Abilities, Weirdness & Mutations

You have sharp fingernails.
You have large cloven feet.
Your mind is acute. (Int +2)


Message History

As you read the scroll of teleportation, it crumbles to dust.
You feel strangely unstable.
You are feeling hungry.
The deep troll barely misses you. The deep troll claws you!
* * * LOW HITPOINT WARNING * * *
The deep troll claws you!
* * * LOW HITPOINT WARNING * * *
The centaur closely misses you.
Evoke which item? (* to show all) (? for menu, Esc to quit)
Zapping:
F - a wand of heal wounds (5)
Press: ? - help, Shift-Dir - straight line, f - you You feel much better.
This wand has 4 charges left.
The centaur hits you from afar with a runed halberd.
The deep troll bites you!
* * * LOW HITPOINT WARNING * * *
The deep troll claws you!
* * * LOW HITPOINT WARNING * * *
The deep troll claws you but does no damage.
The orc knight hits you with an orcish great mace!
You die...

######################
......................
.........%.............
#######(..............
##.#.###.(...%........#
##(!#..##(#####'#####..#
#($((.?.#(#...%.....#..#
###.#@###)#.........#..#
#..)'cT@+.#.........#..#
##..#.o##.#.........#..#
#.###.#.........#..# ###
#.#.........#..#
..#.........#..#
..###########..#
...............#
...............# .
##+######..##


You could see an orc knight, a deep troll, an ironbrand convoker and a centaur.

Vanquished Creatures
  A golden dragon (D:20)
  Agnes (Vaults:1)
  Gastronok (Lair:2)
  6 stone giants
  A deep elf annihilator (Elf:2)
  A salamander (D:19)
  A dragon (D:18)
  A minotaur (Lab)
  4 yaktaur captains
  5 vault guards (D:17)
  A great orb of eyes (D:20)
  Harold (D:12)
  19 hydras
  An ice dragon (D:19)
  Erica (D:10)
  3 ogre magi
  6 death yaks
  3 orc high priests (Orc:4)
  2 fire crabs
  2 catoblepae
  13 centaur warriors
  A fire crab (shapeshifter) (D:14)
  12 skeletal warriors
  An iron troll (D:20)
  A wizard (D:20)
  8 deep elf knights
  An ice statue (D:17)
  2 giant amoebae
  The ghost of bronies4ever the Martial Artist, an experienced GrMo of Okawaru (D:8)
  6 deep elf conjurers
  A giant orange brain (D:19)
  5 unseen horrors
  Joseph (Orc:4)
  10 hill giants
  10 orc knights
  A sphinx zombie (D:20)
  3 wolf spiders
  8 orc sorcerers
  A red wasp (D:18)
  4 elephants (Lair:3)
  3 black mambas
  10 griffons
  14 cyclopes
  A spiny worm (D:20)
  A frost giant zombie (D:20)
  3 deep elf summoners
  Maurice (D:11)
  A frost giant skeleton (D:18)
  2 stone giant skeletons (D:20)
  7 spiny frogs
  Psyche (D:10)
  A redback zombie (D:20)
  A demonic crawler (Elf:2)
  A komodo dragon (shapeshifter) (D:20)
  2 deep elf priests
  A fire drake (Lair:4)
  2 red devils
  10 yaktaurs
  3 komodo dragons
  A blue devil (D:20)
  7 trolls
  A giant firefly (shapeshifter) (Elf:2)
  3 hydra zombies
  Sonja (D:11)
  2 iron troll skeletons
  A blink frog (shapeshifter) (D:18)
  Prince Ribbit (Lair:2)
  14 blink frogs
  A red wasp zombie (D:20)
  12 two-headed ogres
  A harpy skeleton (D:18)
  24 slime creatures
  3 boulder beetles
  A baby alligator (shapeshifter) (D:20)
  A basilisk (shapeshifter) (D:16)
  4 basilisks
  A stone giant simulacrum (D:18)
  3 sharks
  3 trapdoor spiders
  A griffon skeleton (D:15)
  3 wyverns
  6 shadows
  A hill giant zombie (D:10)
  63 ugly things
  An ettin skeleton (D:19)
  A grizzly bear (shapeshifter) (D:20)
  11 deep elf magi
  A redback (Elf:2)
  5 water elementals
  2 wraiths
  An elephant slug (Lair:4)
  A clay golem (D:16)
  5 hungry ghosts
  13 hippogriffs
  2 vampires (D:17)
  11 vampire mosquitoes
  2 hill giant skeletons
  37 yaks
  15 deep elf fighters
  15 wolves
  4 rock worms
  8 manticores
  4 porcupines
  A deep troll zombie (D:18)
  3 soldier ants
  A mottled dragon (Vaults:1)
  A freezing wraith (D:20)
  4 sky beasts
  A human (D:8)
  2 kobold demonologists (D:20)
  A necrophage (D:14)
  3 hell hounds (D:19)
  2 yellow wasps
  2 black bears
  20 ogres
  24 orc warriors
  5 phantoms
  A blink frog zombie (D:16)
  A giant goldfish (D:17)
  4 crocodiles
  24 centaurs
  A boring beetle (D:20)
  19 ice beasts
  2 wargs
  Sigmund (D:7)
  Duvessa (D:6)
  9 big kobolds
  A brain worm (D:11)
  5 lava worms (D:19)
  2 yaktaur zombies
  7 giant slugs
  18 giant frogs
  5 water moccasins
  An agate snail (D:18)
  A gnoll sergeant (D:7)
  A wyvern zombie (D:8)
  2 yaktaur skeletons
  A rock worm zombie (D:18)
  3 troll zombies
  6 electric eels (D:11)
  2 eyes of draining
  3 jellyfish
  A manticore skeleton (D:10)
  12 killer bees
  3 lava snakes (D:19)
  2 goliath beetles
  A fire bat (D:6)
  3 wights (D:8)
  8 crimson imps
  A giant frog zombie (D:6)
  Dowan (D:6)
  2 quasits
  3 scorpions
  30 orc priests
  6 iguanas
  A giant frog skeleton (D:4)
  2 big fish (D:14)
  33 orc wizards
  3 jellies
  13 hounds
  A shapeshifter simulacrum (D:19)
  18 worker ants
  A crocodile zombie (D:7)
  An orange rat (Elf:2)
  2 big kobold zombies (D:14)
  6 ogre zombies (D:11)
  21 sheep
  A brain worm zombie (D:14)
  9 boggarts
  A mottled dragon skeleton (D:14)
  Terence (D:3)
  3 mummies
  A worker ant zombie (D:7)
  17 green rats
  8 adders
  12 gnolls
  2 giant centipedes (Lair:5)
  3 giant mites
  4 worms
  4 giant eyeballs
  A giant gecko (D:1)
  162 orcs
  2 ball pythons
  15 bats
  A bat skeleton (D:5)
  A bat zombie (D:5)
  26 goblins
  17 hobgoblins
  30 jackals
  13 quokkas
  3 giant cockroaches
  A giant gecko zombie (D:5)
  6 giant newts
  A giant spore (D:8)
  A goblin skeleton (D:11)
  A goblin zombie (D:11)
  2 hobgoblin skeletons
  5 hobgoblin zombies
  A jackal skeleton (D:7)
  48 kobolds
  A kobold skeleton (D:5)
  A kobold zombie (D:8)
  2 orc skeletons
  19 orc zombies
  A quokka skeleton (D:10)
  22 rats
  A rat zombie (D:5)
  15 ballistomycetes
1345 creatures vanquished.

Vanquished Creatures (collateral kills)
  A centaur warrior (D:15)
  A vampire mosquito (D:15)
  A centaur (D:15)
3 creatures vanquished.

Vanquished Creatures (others)
  A centaur warrior (D:15)
  An ugly thing (D:20)
  A fire elemental (D:20)
  A deep troll zombie (D:18)
  2 centaurs (D:15)
  A scorpion (D:6)
  3 boggarts
  A giant mite (Lair:3)
  An orc (Orc:2)
  4 kobolds (D:11)
  2 giant spores
  A fungus (Lair:3)
  A plant (Lair:2)
20 creatures vanquished.

Grand Total: 1368 creatures vanquished

Notes
Turn   | Place    | Note
--------------------------------------------------------------
     0 | D:1      | JacquesDerrida, the Demigod Hunter, began the quest for the Orb.
     0 | D:1      | Reached XP level 1. HP: 17/17 MP: 2/2
   496 | D:1      | Reached skill level 4 in Bows
   560 | D:1      | Found a snail-covered altar of Cheibriados.
   750 | D:1      | Reached XP level 2. HP: 19/24 MP: 3/3
  1984 | D:2      | Reached XP level 3. HP: 29/29 MP: 5/5
  2265 | D:3      | Noticed Terence
  2282 | D:3      | Killed Terence
  2282 | D:3      | Reached skill level 5 in Bows
  2303 | D:3      | Reached XP level 4. HP: 13/36 MP: 7/7
  3421 | D:4      | Reached skill level 6 in Bows
  3421 | D:4      | Reached XP level 5. HP: 18/41 MP: 8/8
  3533 | D:4      | Noticed a phantom
  3543 | D:4      | Killed a phantom
  3819 | D:4      | Reached XP level 6. HP: 9/48 MP: 10/10
  4102 | D:4      | Noticed a phantom
  4128 | D:4      | Killed a phantom
  4128 | D:4      | Reached skill level 7 in Bows
  4489 | D:4      | Found a staircase to the Ecumenical Temple.
  4694 | D:5      | Entered Level 5 of the Dungeon
  4967 | D:5      | Reached skill level 8 in Bows
  5080 | D:5      | Reached XP level 7. HP: 43/53 MP: 12/12
  5353 | D:5      | Found a burning altar of Makhleb.
  5353 | D:5      | Found a glowing golden altar of the Shining One.
  5385 | D:5      | Reached skill level 9 in Bows
  5867 | D:6      | Found a white marble altar of Elyvilon.
  6378 | D:6      | Reached XP level 8. HP: 52/60 MP: 13/13
  6427 | D:6      | Found a bloodstained altar of Trog.
  6428 | D:6      | Found a shimmering altar of Xom.
  6457 | D:6      | Noticed Dowan
  6471 | D:6      | Killed Dowan
  6663 | D:6      | Reached skill level 10 in Bows
  6774 | D:6      | Noticed Duvessa
  6781 | D:6      | Killed Duvessa
  6991 | D:7      | Found a staircase to the Ecumenical Temple.
  7021 | D:7      | Found an iron altar of Okawaru.
  7376 | D:7      | Reached skill level 11 in Bows
  7634 | D:7      | Noticed Sigmund
  7647 | D:7      | Killed Sigmund
  7808 | D:7      | Reached XP level 9. HP: 52/66 MP: 15/15
  8092 | D:7      | Gained mutation: Your mind is acute. (Int +2) [potion of mutation]
  8092 | D:7      | Gained mutation: You have sharp fingernails. [potion of mutation]
  8092 | D:7      | Gained mutation: You have large cloven feet. [potion of mutation]
  8169 | D:8      | Reached skill level 12 in Bows
  8453 | D:8      | Noticed bronies4ever's ghost (experienced GrMo)
  8480 | D:8      | Killed bronies4ever's ghost
  8740 | D:8      | Reached skill level 13 in Bows
  9046 | D:8      | Paralysed by a giant eyeball for 2 turns
  9235 | D:9      | Paralysed by a giant eyeball for 4 turns
  9599 | D:9      | Reached XP level 10. HP: 73/73 MP: 6/17
  9903 | D:9      | runewalsh: Лол, ты остался один.
  9919 | D:10     | Entered Level 10 of the Dungeon
  9922 | D:10     | runewalsh: Все спят.
  9922 | D:10     | JacquesDerrida: Да и я пойду сейчас
  9922 | D:10     | JacquesDerrida: вот прямо сейчас
  9922 | D:10     | JacquesDerrida: D: D: D:
  9922 | D:10     | JacquesDerrida: :D :D :D
  9922 | D:10     | JacquesDerrida: Убей во сне путена
  9922 | D:10     | JacquesDerrida: всех
  9922 | D:10     | JacquesDerrida: ха-ха
  9922 | D:10     | JacquesDerrida: шутк
  9922 | D:10     | JacquesDerrida: а
  9922 | D:10     | Upgraded the game from 0.13-a0-2926-g9203b68 to 0.13-a0-2940-gab44624
  9934 | D:10     | Noticed a hill giant
  9939 | D:10     | Killed a hill giant
  9939 | D:10     | Reached skill level 14 in Bows
 10313 | D:10     | Noticed Erica
 10798 | D:11     | Found a staircase to the Orcish Mines.
 10871 | D:11     | Noticed Maurice
 11619 | D:11     | Killed Maurice
 11619 | D:11     | Reached skill level 15 in Bows
 12004 | D:11     | Noticed Sonja
 12009 | D:11     | Killed Sonja
 12031 | D:11     | Noticed a four-headed hydra
 12039 | D:11     | Killed a four-headed hydra
 12138 | D:11     | Killed an unseen horror
 12138 | D:11     | Reached XP level 11. HP: 44/79 MP: 18/18
 12489 | D:11     | Found a staircase to the Lair.
 12641 | D:11     | Noticed a five-headed hydra
 12673 | D:11     | Killed a five-headed hydra
 12673 | D:11     | Reached skill level 16 in Bows
 12969 | Lair:1   | Entered Level 1 of the Lair of Beasts
 12997 | Lair:1   | Found a labyrinth entrance.
 13006 | Lab      | Entered a labyrinth
 13591 | Lab      | Noticed a minotaur
 13610 | Lab      | Killed a minotaur
 13632 | Lab      | Got a bloodstained war axe
 13632 | Lab      | Got a ripped robe
 13648 | Lab      | Identified the +4 robe of Honour {Dex+3 Int-5} (You found it in a labyrinth)
 13658 | Lab      | Identified the cursed +2,-2 war axe of Chaos {vamp, rC++ MR++} (You found it in a labyrinth)
 14091 | D:12     | Got an ivory sabre
 14092 | D:12     | Identified the cursed sabre of Interdependent Arising {flame, +Fly} (You found it on level 12 of the Dungeon)
 14383 | D:12     | Noticed an eight-headed hydra
 14390 | D:12     | Killed an eight-headed hydra
 14683 | D:12     | Noticed Harold
 14703 | D:12     | Killed Harold
 14703 | D:12     | Reached skill level 17 in Bows
 14922 | D:12     | Reached skill level 1 in Armour
 15280 | D:12     | Noticed a centaur warrior
 15284 | D:12     | Killed a centaur warrior
 15531 | D:13     | Noticed a centaur warrior
 15538 | D:13     | Killed a centaur warrior
 15682 | D:13     | Reached XP level 12. HP: 85/85 MP: 19/19
 16246 | D:13     | Found an iron altar of Okawaru.
 16851 | D:14     | Entered Level 14 of the Dungeon
 16889 | D:14     | Reached skill level 5 in Armour
 17340 | Lair:1   | Noticed a five-headed hydra
 17347 | Lair:1   | Killed a five-headed hydra
 17745 | Lair:1   | Reached skill level 18 in Bows
 17936 | Lair:2   | Noticed Prince Ribbit
 17954 | Lair:2   | Killed Prince Ribbit
 18553 | Lair:2   | Noticed Gastronok
 18574 | Lair:2   | Killed Gastronok
 19019 | Lair:3   | Reached skill level 1 in Spellcasting
 19132 | Lair:3   | Reached XP level 13. HP: 25/91 MP: 24/24
 19556 | Lair:3   | Found a hole to the Spider Nest.
 19694 | Lair:3   | Learned a level 3 spell: Flight
 19713 | Lair:3   | Reached skill level 1 in Charms
 20959 | Lair:4   | Identified the Papyrus of Self-Knowledge
 21416 | Lair:4   | Reached skill level 5 in Charms
 22039 | Lair:5   | Got a slimy scale mail
 22047 | Lair:5   | Identified the +4 scale mail "Chawoel" {Str+3 Int+3} (You found it on level 5 of the Lair of Beasts)
 22152 | Lair:5   | Found a staircase to the Shoals.
 22778 | Lair:1   | Learned a level 4 spell: Control Teleport
 22816 | Orc:1    | Entered Level 1 of the Orcish Mines
 22860 | Orc:1    | Found an iron altar of Okawaru.
 23962 | Orc:4    | Entered Level 4 of the Orcish Mines
 24643 | Orc:4    | Found Iwawo's Armour Boutique.
 24653 | Orc:4    | Bought a +0 pair of gloves of strength for 91 gold pieces
 24789 | Orc:4    | Found Zuovug's Antique Weapon Shoppe.
 24794 | Orc:4    | Found a staircase to the Elven Halls.
 24808 | Orc:4    | Found Torates' Assorted Antiques.
 24811 | Orc:4    | Noticed Joseph
 24819 | Orc:4    | Killed Joseph
 26446 | Orc:4    | Reached XP level 14. HP: 84/97 MP: 28/28
 26476 | Orc:4    | Found Voaziank's Assorted Antiques.
 26484 | Orc:4    | Found Phese's Distillery.
 26484 | Orc:4    | Found Klaqupu's General Store.
 26490 | Orc:4    | Found Smijiwn's Gadget Emporium.
 26517 | Orc:4    | Bought a +0 pair of bracers of archery for 55 gold pieces
 26527 | Orc:4    | Bought a potion of heal wounds for 45 gold pieces
 26545 | Orc:4    | Bought a potion of heal wounds for 54 gold pieces
 26545 | Orc:4    | Bought a potion of heal wounds for 54 gold pieces
 27355 | Elf:1    | Entered Level 1 of the Elven Halls
 27359 | Elf:1    | Noticed Maud
 27539 | Orc:4    | Bought a potion of agility for 45 gold pieces
 27542 | Orc:4    | Bought a potion of agility for 52 gold pieces
 27979 | Elf:1    | Reached skill level 10 in Armour
 28052 | Elf:1    | Reached skill level 5 in Spellcasting
 28090 | Elf:1    | Noticed Nikola
 28470 | Elf:2    | Found Khay's Food Shop.
 28752 | Elf:2    | Reached skill level 10 in Charms
 29740 | D:14     | Found Styn's Armour Boutique.
 30013 | D:14     | Noticed a stone giant
 30022 | D:14     | Killed a stone giant
 30307 | D:14     | Noticed a stone giant
 30307 | D:14     | Noticed a storm dragon
 30593 | D:15     | Entered Level 15 of the Dungeon
 31355 | D:15     | Learned a level 2 spell: Swiftness
 32722 | D:17     | Reached XP level 15. HP: 103/103 MP: 29/29
 32970 | D:17     | Reached skill level 19 in Bows
 33115 | D:14     | Bought a +0 cloak for 27 gold pieces
 34511 | D:17     | Found a portal to a secret trove of treasure.
 34862 | D:16     | Reached skill level 1 in Fighting
 35376 | D:17     | Got a fine silver ring
 35401 | D:17     | Identified the ring "Psyll" {rF+ Dex+3 SInv} (You found it on level 17 of the Dungeon)
 35841 | D:18     | Got a creamy pearl robe
 35843 | D:18     | Identified the cursed +0 robe "Bramiub" {rPois} (You took it off an ogre mage on level 18 of the Dungeon)
 37221 | D:18     | Reached skill level 20 in Bows
 37505 | D:18     | Found a deep blue altar of Sif Muna.
 38090 | D:10     | Killed Erica
 38120 | D:10     | Found a deep blue altar of Sif Muna.
 38262 | D:10     | Noticed a hill giant
 38270 | D:10     | Killed a hill giant
 38292 | D:10     | Noticed a hill giant
 38298 | D:10     | Killed a hill giant
 38393 | D:10     | Noticed Psyche
 38396 | D:10     | Killed Psyche
 38959 | D:19     | Reached XP level 16. HP: 103/117 MP: 32/32
 39614 | D:19     | Found a one-way gate leading to the halls of Pandemonium.
 39712 | D:20     | Entered Level 20 of the Dungeon
 39844 | D:19     | Reached skill level 21 in Bows
 40237 | D:20     | Reached skill level 1 in Air Magic
 41023 | D:20     | Found a staircase to the Vaults.
 42355 | D:20     | Noticed a golden dragon
 42382 | D:20     | Reached skill level 5 in Air Magic
 42457 | D:20     | Killed a golden dragon
 42893 | Vaults:1 | Entered Level 1 of the Vaults
 43261 | Vaults:1 | Noticed Agnes
 43283 | Vaults:1 | Killed Agnes
 43362 | Vaults:1 | Got a polished short sword
 43465 | Vaults:1 | Upgraded the game from 0.13-a0-2940-gab44624 to 0.13-a0-2942-g3a822f8
 43484 | Vaults:1 | Demolished by an orc knight

Action                   |  1- 3 |  4- 6 |  7- 9 | 10-12 | 13-15 | 16-18 || total
-------------------------+-------+-------+-------+-------+-------+-------++-------
Melee: Short sword       |   130 |   114 |    23 |       |       |       ||   267
       Dagger            |       |       |   156 |   281 |   414 |       ||   851
 Fire: Bow               |    27 |    80 |   208 |   126 |    10 |       ||   451
       Longbow           |       |       |    60 |   493 |  1818 |   737 ||  3108
 Cast: Control Teleport  |       |       |       |       |     2 |       ||     2
       Swiftness         |       |       |       |       |    18 |    12 ||    30
       Flight            |       |       |       |       |     2 |     3 ||     5
Evoke: Wand              |     1 |     4 |    14 |    21 |    17 |     7 ||    64
       Miscellaneous     |       |       |       |       |     1 |     1 ||     2
  Use: Potion            |       |     1 |    12 |     2 |     9 |     8 ||    32
       Scroll            |       |     8 |    13 |    16 |    24 |     3 ||    64
 Stab: Sleeping          |     2 |     1 |     1 |       |       |       ||     4
       Distracted        |       |       |     1 |       |       |       ||     1
       Paralysed         |       |       |       |     2 |       |       ||     2
